 Dungeon Crawl Stone Soup version 0.30-a0-778-g2ef04afb54 (webtiles) character file.

Game seed: 18349275852383085126

96 Pimp the Trooper (level 4, 0/37 HPs)
             Began as a Demonspawn Monk on Feb 15, 2023.
             Killed by nerve-wracking pain
             ... invoked by Grinder
              (7 damage)
             ... on level 3 of the Dungeon.
             The game lasted 00:04:37 (2301 turns).

Pimp the Trooper (Demonspawn Monk)                  Turns: 2301, Time: 00:04:38

Health: 0/37       AC:  2    Str: 13    XL:     4   Next: 41%
Magic:  4/4        EV: 13    Int: 12    God:
Gold:   167        SH:  0    Dex: 15    Spells: 3/3 levels left

rFire   . . .      SeeInvis .    a - +0 falchion
rCold   . . .      Faith    .    (no shield)
rNeg    . . .      Spirit   .    b - +0 robe
rPois   .          Reflect  .    (no helmet)
rElec   .          Harm     .    (no cloak)
rCorr   .          Rampage  .    (no gloves)
Will    .....                    (no boots)
Stlth   ++                       (no amulet)
HPRegen 0.26/turn                (no ring)
MPRegen 0.09/turn                (no ring)

@: no status effects
A: demonic touch 2
a: no special abilities


You were on level 3 of the Dungeon.
You visited 1 branch of the dungeon, and saw 3 of its levels.

You collected 167 gold pieces.

Inventory:

Hand Weapons
 a - a +0 falchion (weapon)
Missiles
 u - 5 poisoned darts (quivered)
Armour
 b - a +0 robe (worn)
Jewellery
 n - a ring of fire
Scrolls
 d - a scroll of amnesia
 e - a scroll of blinking
 i - a scroll of identify {unknown}
 k - a scroll of magic mapping {unknown}
 l - a scroll of vulnerability {unknown}
 m - a scroll of immolation {unknown}
 p - a scroll of summoning {unknown}
 q - 2 scrolls of poison {unknown}
 r - a scroll of enchant armour {unknown}
 t - a scroll of teleportation {unknown}
Potions
 c - a potion of ambrosia
 f - a potion of degeneration {unknown}
 g - a potion of heal wounds {unknown}
 h - a potion of curing {unknown}
 j - a potion of cancellation {unknown}
 o - a potion of attraction {unknown}


   Skills:
 + Level 3.6 Fighting
 + Level 3.6 Long Blades
 + Level 3.3 Dodging
 + Level 2.2 Stealth


You had 3 spell levels left.
You didn't know any spells.
Your spell library contained the following spells:

 Spells                   Type           Power      Damage    Failure   Level
 Kiss of Death            Conj/Necr      0%         2d5       32%         1
 Confusing Touch          Hex            0%         N/A       69%         3
 Dispel Undead            Necr           0%         3d6       97%         4


Dungeon Overview and Level Annotations

Branches:
Dungeon (3/15)

Altars:
Trog
Wu Jian

Annotations:
D:3 Grinder


Innate Abilities, Weirdness & Mutations

Your touch may inflict irresistible damage on your foes.


Message History

Throw: dart (curare)
Press: ? - help, Q - select action, (/) - cycle Shift-Dir - straight line, f/p - Grinder
Aim: Grinder (55% to hit)
You throw a curare-tipped dart. The curare-tipped dart hits Grinder.
Throw: 6 darts (poison)
Press: ? - help, Q - select action Shift-Dir - straight line, f/p - Grinder
Aim: Grinder (55% to hit)
You throw a poisoned dart. The poisoned dart hits Grinder.
You hit Grinder.
Grinder is lightly wounded.
Grinder completely misses you.
You hit Grinder.
You touch Grinder!
Grinder is heavily wounded.
Grinder hits you!
You writhe in agony.
You hit Grinder. Your touch misses Grinder.
Grinder is severely wounded.
Grinder hits you.
You writhe in agony.
You hit Grinder.
Grinder is severely wounded.
Grinder gestures at you. You resist with significant effort.
You hit Grinder.
Grinder is severely wounded.
Grinder blinks!
Grinder closely misses you.
You see here a poisoned dart.
You barely miss Grinder.
Grinder is severely wounded.
Grinder hits you! Grinder hits you.
* * * LOW HITPOINT WARNING * * *
You writhe in agony.
* * * LOW HITPOINT WARNING * * *
You closely miss Grinder.
Grinder is severely wounded.
Grinder barely misses you.
You closely miss Grinder.
Grinder is severely wounded.
Grinder gestures at you. Pain shoots through your body!
You die...

#...# +.......#####.
#...# #...#.#..# #.
...# #...#.##..# ##
#### #..†#..##.# .##
....###...##.##...
#... ....#.........#.
..... ♣...#........#
..≈≈..♣♣...#........#
..≈≈..5@....#........
..§.........#.......#
....._..≈≈..........#
.##.....≈≈..#.......#
#.........#>......
....##....#.....J..
..... #....#........
..... ............


You could see Grinder.

Vanquished Creatures
  A gnoll (D:1)
  4 adders
  A worm (D:2)
  2 dart slugs
  7 endoplasms
  A giant cockroach (D:2)
  5 goblins
  2 hobgoblins
  2 jackals (D:1)
  2 quokkas (D:2)
  A ball python (D:2)
  3 bats
  3 frilled lizards
  7 kobolds
  5 rats
46 creatures vanquished.

Notes
Turn   | Place    | Note
-------+----------+-------------------------------------------
     0 | D:1      | Pimp the Demonspawn Monk began the quest for the Orb.
     0 | D:1      | Reached XP level 1. HP: 18/18 MP: 1/1
   218 | D:1      | Found a faded altar of an unknown god.
   231 | D:1      | Discovered your monstrous ancestry.
   231 | D:1      | Gained mutation: Your touch may inflict minor irresistible
                  | damage on your foes. [demonic ancestry]
   231 | D:1      | Reached XP level 2. HP: 24/24 MP: 2/2
   995 | D:2      | Gained mutation: Your touch may inflict irresistible damage
                  | on your foes. [demonic ancestry]
   995 | D:2      | Reached XP level 3. HP: 29/29 MP: 3/3
  1359 | D:2      | Reached XP level 4. HP: 19/36 MP: 4/4
  2096 | D:3      | Found a bloodstained altar of Trog.
  2281 | D:3      | Found an ornate altar of the Wu Jian Council.
  2285 | D:3      | Noticed Grinder
  2286 | D:3      | Paralysed by Grinder for 3 turns
  2301 | D:3      | Killed from afar by Grinder

Illustrated notes

Levels and vault maps discovered:
D:1:      matt_arrival_spirals, layout_basic,
          ebering_ecumenical_altar_sacrificial
D:2:      layout_loops_ring
D:3:      layout_basic, nicolae_wu_jian_wuxing_cycle, trog_book, uniq_grinder

Skill      XL: |  1  2  3 |
---------------+----------+-----
Long Blades    | 3 |  3.6
Dodging        | 3 |  3.3
Stealth        | 2 |  2.2
Fighting       | |  3.6

Action                     |  1- 3 |  4- 6 || total
---------------------------+-------+-------++-------
  Melee: Falchion          |    82 |    35 ||   117
         Touch             |     7 |     6 ||    13
  Throw: Dart              |       |     3 ||     3
    Use: Scroll            |       |     2 ||     2
   Stab: Sleeping          |     4 |     3 ||     7
 Armour: Robe              |    11 |     1 ||    12
  Dodge: Dodged            |    54 |    19 ||    73

Table legend: (Time is in decaauts)
 A = Elapsed time spent in this place.
 B = Non-inter-level travel time spent in this place.
 C = Inter-level travel time spent in this place.
 D = Time resting spent in this place.
 E = Time spent auto-exploring this place.
 F = Levels seen in this place.
 G = Mean time per level.
                   A        B        C        D        E       F      G
               +--------+--------+--------+--------+--------+-----+--------+
         Total |   2316 |   2243 |     73 |    100 |   1689 |   3 |  772.0 |
       Dungeon |   2316 |   2243 |     73 |    100 |   1689 |   3 |  772.0 |
               +--------+--------+--------+--------+--------+-----+--------+

Top non-repeatable levels by time:
     D:1: 908 daAuts
     D:2: 882 daAuts
     D:3: 525 daAuts
